 Seeded DCSS version 0.28-a0-1356-g2ad6d04315 (webtiles) character file.

Game seed: 12219887455895637472 (custom seed)

2002 wilfster70 the Zephyrmancer (level 9, -2/34 HPs)
             Began as a Felid Summoner on Dec 28, 2021.
             Was an Initiate of Gozag.
             Slain by a two-headed ogre (36 damage)
             ... on level 8 of the Dungeon on Dec 30, 2021.
             The game lasted 00:53:39 (12004 turns).

wilfster70 the Zephyrmancer (Felid Summoner)       Turns: 12004, Time: 00:53:40

Health: -2/34      AC:  2    Str:  4    XL:     9   Next: 2%
Magic:  4/16       EV: 17    Int: 20    God:    Gozag
Gold:   396        SH:  0    Dex: 17    Spells: 0/17 levels left
                                        Lives:  0   Deaths: 2

rFire   . . .      SeeInvis +   (weapon unavailable)
rCold   . . .      Faith    .   (shield unavailable)
rNeg    . . .      Spirit   .   (armour unavailable)
rPois   .          Reflect  .   (helmet unavailable)
rElec   .          Harm     .   (cloak unavailable)
rCorr   .          Rampage  .   (gloves unavailable)
Will    ++...                   (boots unavailable)
Stlth   ++........              (no amulet)
HPRegen 0.11/turn               (no ring)
MPRegen 0.15/turn               i - ring of willpower

@: quick
A: very small, claws 1, fangs 3, see invisible, speed 1, shaggy fur 2, stealthy
paws, no weapons or thrown items, no armour, multi-lived
a: Renounce Religion, Potion Petition, Call Merchant, Bribe Branch


You were on level 8 of the Dungeon.
You worshipped Gozag.
Gozag was aware of your devotion.
You visited 2 branches of the dungeon, and saw 9 of its levels.

You collected 485 gold pieces.
You paid 89 gold pieces to Gozag.

Inventory:

Jewellery
 d - a ring of ice
 i - a ring of willpower (right paw)
 j - a ring of wizardry
Wands
 g - a wand of polymorph (2)
 k - a wand of acid (18)
Scrolls
 c - a scroll of magic mapping
 e - a scroll of torment {unknown}
 r - 3 scrolls of identify
Potions
 a - a potion of lignification
 b - a potion of invisibility
 f - a potion of curing
 h - 3 potions of mutation
 l - 2 potions of flight {unknown}


   Skills:
 - Level 2.6 Dodging
 - Level 2.6 Stealth
 - Level 4.5 Spellcasting
 - Level 5.0 Hexes
 - Level 8.0 Summonings
 + Level 3.1 Translocations
 - Level 10.0 Air Magic


You couldn't memorise any spells.
You knew the following spells:

 Your Spells              Type           Power      Damage    Failure   Level
a - Summon Guardian Gole  Hex/Summ       30%        N/A       2%          3
b - Summon Lightning Spi  Summ/Air       40%        N/A       3%          4
c - Call Canine Familiar  Summ           36%        N/A       1%          3
d - Call Imp              Summ           36%        N/A       1%          2
e - Manifold Assault      Tloc           17%        N/A       67%         5

Your spell library contained the following spells:

 Spells                   Type           Power      Damage    Failure   Level
 Summon Small Mammal      Summ           100%       N/A       1%          1
 Blink                    Tloc           34%        N/A       4%          2
 Gell's Gravitas          Tloc           17%        N/A       10%         3
 Lesser Beckoning         Tloc           17%        N/A       10%         3
 Teleport Other           Tloc           17%        N/A       10%         3
 Storm Form               Tmut/Air       12%        N/A       100%        7
 Maxwell's Capacitive Co  Air            22%        ∞         100%        8


Dungeon Overview and Level Annotations

Branches:
Dungeon (8/15)             Temple (1/1) D:7
   Lair: D:8-11

Altars:
Cheibriados
Dithmenos
Elyvilon
Fedhas
Gozag
Hepliaklqana
Makhleb
Nemelex Xobeh
Qazlal
Ru
Sif Muna
Trog
Vehumet
Wu Jian
Xom
Yredelemnul
Zin
The Shining One

Annotations:
D:3 exclusion: downstairs
D:4 Grinder, Pikel
D:7 3 runed translucent doors, exclusion: 3 doors, ThreePoint314's ghost, novice GnIE
D:8 Maggie


Innate Abilities, Weirdness & Mutations

You have sharp claws.
You have razor-sharp teeth.
You have supernaturally acute eyesight. (SInv)
You cover ground quickly. (Speed+)
You are covered in thick fur. (AC +2)
Your paws help you pounce on unaware monsters.
You are incapable of wielding weapons or throwing items.
You cannot wear armour.
You gain extra lives every three experience levels.


Message History

Your Translocations skill increases to level 3!
Welcome back to level 9!
You now have 382 gold pieces (gained 6).
You now have 387 gold pieces (gained 5).
You now have 396 gold pieces (gained 9).
You start resting.
A two-headed ogre is nearby!
Your lightning spire disappears in a puff of smoke!
Casting: Call Canine Familiar (safe; 1% risk of failure)
Confirm with . or Enter, or press ? or * to list all spells.
The spell is quite dangerous to miscast (3% risk of failure)!
Continue anyway? [Y]es or [N]o only, please.
The spell is quite dangerous to miscast (3% risk of failure)!
Continue anyway?
An electric hum fills the air.
What are your orders? t - Meow!
Orders for allies: a - Attack new target. r - Retreat! s - Stop attacking. g - Guard the area. f - Follow me.
Anything else - Cancel.
Gang up on whom?
Press: ? - help, Dir - move target, f - two-headed ogre
Aim: a two-headed ogre, wielding two +0 giant clubs (ally target) Attack!
Your lightning spire shoots out a bolt of lightning at the two-headed ogre!
The bolt of electricity hits the two-headed ogre.
The bolt of electricity hits the two-headed ogre!
The bolt of electricity hits your lightning spire.
Your lightning spire completely resists.
Your wolf bites the two-headed ogre.
Casting: Summon Lightning Spire (quite dangerous; 3% risk of failure)
Confirm with . or Enter, or press ? or * to list all spells.
A guardian golem appears, shielding your allies.
Your wolf closely misses the two-headed ogre.
Your wolf bites the two-headed ogre.
Your wolf bites the two-headed ogre.
The two-headed ogre hits you with a +0 giant club!!!
Ouch! That really hurt!
You die...
Your body crumbles into a pile of gold.

.. #.#########'##
##.## ....)..)....#
.....#########....#
#....'......##....#
#....#....#.).)...#
#...h#.)..#....)..# .
h.#....#.......# .
#h######).9.##.# ...
#.# #8.O@.+..#
.....##.#####.h...####
..............#####
###.....#######
#.......# #.......#
#.......# #...#####
#...


You could see a two-headed ogre (ally target), a friendly guardian golem
(summoned), a friendly wolf (summoned, sheltered) and a friendly lightning spire
(summoned, sheltered).

Vanquished Creatures
  An orc (D:3)
  3 ball pythons (D:1)
  A hobgoblin (D:3)
  2 bats (D:2)
  A frilled lizard (D:1)
  A rat (D:3)
9 creatures vanquished.

Vanquished Creatures (collateral kills)
  A death yak (D:7)
  A wyvern (D:7)
  2 sky beasts (D:7)
  An orc warrior (D:7)
  A gnoll sergeant (D:7)
  2 scorpions
  9 wights
  3 howler monkeys (D:8)
  2 hounds (D:5)
  A jelly (D:5)
  2 centaur skeletons (D:7)
  4 orc wizards
  2 iguanas
  Natasha (thrice) (D:3)
  A hound skeleton (D:5)
  9 adders
  4 gnolls (D:7)
  A white imp (D:5)
  2 ufetubi (D:6)
  3 dart slugs
  24 orcs
  11 endoplasms
  A giant cockroach (D:1)
  4 goblins
  8 hobgoblins
  3 quokkas
  3 ball pythons
  5 bats
  5 frilled lizards
  6 kobolds
  3 rats
127 creatures vanquished.

Vanquished Creatures (others)
  A troll (D:8)
  Edmund (D:6)
  2 water moccasins
  An ice beast (D:6)
  2 black bears
  5 centaurs
  A lemure (D:3)
  A bullfrog (D:6)
  A scorpion (D:6)
  A wyvern skeleton (D:7)
  A wight (D:8)
  A hound (D:7)
  A bullfrog skeleton (D:6)
  2 orcs
21 creatures vanquished.

Grand Total: 157 creatures vanquished

Notes
Turn   | Place    | Note
-------+----------+-------------------------------------------
     0 | D:1      | wilfster70 the Felid Summoner began the quest for the Orb.
     0 | D:1      | Reached XP level 1. HP: 7/7 MP: 4/4
   148 | D:1      | Found a faded altar of an unknown god.
   258 | D:1      | Reached XP level 2. HP: 11/11 MP: 3/6
   261 | D:1      | Learned a level 2 spell: Call Imp
  1030 | D:1      | Reached XP level 3. HP: 14/14 MP: 5/8
  1390 | D:2      | Learned a level 3 spell: Call Canine Familiar
  1429 | D:2      | Upgraded the game from 0.28-a0-1339-ga5422284a4 to
                  | 0.28-a0-1356-g2ad6d04315
  1627 | D:2      | Reached XP level 4. HP: 12/18 MP: 9/9
  1631 | D:2      | Learned a level 3 spell: Summon Guardian Golem
  1915 | D:2      | Reached skill level 1 in Hexes
  1950 | D:2      | Reached skill level 5 in Summonings
  1950 | D:2      | HP: 1/27 [poisoned by an adder]
  1951 | D:2      | Succumbed to an adder's poison
  1952 | D:2      | Reached XP level 3. HP: 0/21 MP: 8/8
  2364 | D:3      | Found a burning altar of Makhleb.
  2598 | D:3      | Reached XP level 4. HP: 18/18 MP: 4/9
  2887 | D:3      | Found a basalt altar of Yredelemnul.
  3050 | D:4      | Noticed Natasha
  3050 | D:4      | Noticed a lemure
  3050 | D:4      | Noticed a lemure
  3051 | D:4      | Noticed Pikel
  3051 | D:4      | Noticed a lemure
  3054 | D:4      | Noticed a kobold brigand
  3272 | D:3      | Killed Natasha
  3376 | D:3      | Found a basalt altar of Yredelemnul.
  3379 | D:3      | Noticed Natasha
  3387 | D:3      | Killed Natasha
  3388 | D:3      | Reached XP level 5. HP: 14/21 MP: 7/10
  3571 | D:3      | Found a burning altar of Makhleb.
  3927 | D:3      | Noticed Natasha
  3938 | D:3      | Killed Natasha
  4144 | D:4      | Noticed Grinder
  4163 | D:4      | Noticed a lemure
  4192 | D:3      | Killed a lemure
  4384 | D:5      | Entered Level 5 of the Dungeon
  4661 | D:5      | Gained mutation: You are covered in thick fur. (AC +2)
                  | [Felid growth]
  4661 | D:5      | Reached XP level 6. HP: 24/24 MP: 7/11
  4715 | D:5      | Noticed a water moccasin
  4742 | D:5      | Killed a water moccasin
  4743 | D:5      | Reached skill level 5 in Hexes
  5118 | D:5      | Reached XP level 7. HP: 27/27 MP: 9/13
  5123 | D:5      | Learned a level 4 spell: Summon Lightning Spire
  5485 | D:5      | Found an ornate altar of the Wu Jian Council.
  5659 | D:5      | Reached skill level 1 in Air Magic
  6006 | D:6      | Found a blossoming altar of Fedhas.
  6013 | D:6      | Noticed Edmund
  6561 | D:6      | Reached skill level 2 in Air Magic
  7243 | D:6      | Reached skill level 3 in Air Magic
  7243 | D:6      | Reached XP level 8. HP: 20/31 MP: 3/15
  7558 | D:6      | Killed Edmund
  7559 | D:6      | Reached skill level 4 in Air Magic
  8003 | D:7      | Found a shimmering blue altar of Sif Muna.
  8045 | D:7      | Reached skill level 5 in Air Magic
  8188 | D:7      | Found a runed translucent gate.
  8215 | D:7      | Reached skill level 6 in Air Magic
  8665 | D:7      | Found a staircase to the Ecumenical Temple.
  8676 | Temple   | Entered the Ecumenical Temple
  8863 | Temple   | Became a worshipper of Gozag Ym Sagoz the Greedy
  8927 | D:7      | Found a runed translucent gate.
  8927 | D:7      | Found a runed translucent gate.
  8931 | D:7      | Found the +5 sword of Power {vorpal}
  8946 | D:7      | Reached skill level 7 in Air Magic
  8982 | D:7      | Reached XP level 9. HP: 27/34 MP: 3/16
  8987 | D:7      | Noticed ThreePoint314's ghost (novice GnIE)
  9872 | D:7      | Reached skill level 8 in Air Magic
 10571 | D:8      | Noticed a death yak
 10571 | D:8      | Noticed a two-headed ogre
 11195 | D:8      | Noticed a troll
 11251 | D:8      | Killed a troll
 11252 | D:8      | Reached skill level 9 in Air Magic
 11625 | D:8      | Noticed a death yak
 11628 | D:8      | Noticed a death yak
 11673 | D:7      | Killed a death yak
 11674 | D:7      | Reached skill level 10 in Air Magic
 11680 | D:7      | Learned a level 5 spell: Manifold Assault
 11840 | D:8      | Noticed Maggie
 11854 | D:8      | Killed from afar by Maggie
 11855 | D:8      | Reached XP level 8. HP: -4/31 MP: 11/15
 11876 | D:8      | Reached skill level 1 in Translocations
 11985 | D:8      | Reached XP level 9. HP: 34/34 MP: 8/16
 12004 | D:8      | Slain by a two-headed ogre

Illustrated notes

Levels and vault maps discovered:
D:1:      mushboom_english_gardens, layout_loops_ring, serial_aquarium,
          aquarium_bridge_island_small [aquarium_subvault_small_open,
          aquarium_subvault_wall, aquarium_subvault_bridge,
          aquarium_subvault_bridge, aquarium_subvault_wall],
          aquarium_window_fake, aquarium_window_1, aquarium_window_2,
          aquarium_view_2f, aquarium_view_2f, aquarium_pool_2,
          nicolae_ecumenical_lake_church
D:2:      layout_rooms, kennysheep_generic_room_3
D:3:      layout_loops_ring, bloody_makhleb, lemuel_round_altar
D:4:      layout_rooms, mainiacjoe_overflow_surrounded_room, uniq_menkaure,
          uniq_natasha, uniq_grinder, uniq_pikel
D:5:      layout_loops_ring, mainiacjoe_overflow_alcove_1
D:6:      layout_rooms, fedhas_bush_and_centaur_altar, uniq_edmund
D:7:      layout_basic, lemuel_blue_sif_altar, minmay_temple_entry_waves,
          gammafunk_ghost_necromancy
D:8:      layout_basic, marbit_many_paths, kennysheep_mini_moat,
          dpeg_lair_monsters, minmay_misc_feat_rows, uniq_maggie, uniq_psyche
Temple:   nicolae_temple_figure_eight

Skill      XL: |  1  2  3  4  5  6  7  8  9 |
---------------+----------------------------+-----
Spellcasting   | 3 4 |  4.5
Hexes          | 2 3 4 5 |  5.0
Summonings     | 5 6 7 8 |  8.0
Air Magic      | 3 7 10 | 10.0
Translocations | 3 |  3.1
Dodging        | |  2.6
Stealth        | |  2.6

Action                   |  1- 3 |  4- 6 |  7- 9 || total
-------------------------+-------+-------+-------++-------
Melee: Unarmed           |    19 |     4 |    12 ||    35
       Bite              |       |       |     1 ||     1
 Cast: Summon Small Mamm |    11 |       |       ||    11
       Call Imp          |    14 |     7 |     6 ||    27
       Call Canine Famil |     8 |    17 |    38 ||    63
       Summon Guardian G |       |     8 |    30 ||    38
       Summon Lightning  |       |       |    32 ||    32
  Use: Scroll            |     2 |     2 |     7 ||    11
       Potion            |       |     2 |     1 ||     3
 Stab: Sleeping          |     3 |       |       ||     3
       Betrayed ally     |       |       |     2 ||     2
Armor: Skin              |     3 |     3 |     6 ||    12
Dodge: Dodged            |    32 |    26 |    84 ||   142

Table legend: (Time is in decaauts)
 A = Elapsed time spent in this place.
 B = Non-inter-level travel time spent in this place.
 C = Inter-level travel time spent in this place.
 D = Time resting spent in this place.
 E = Time spent auto-exploring this place.
 F = Levels seen in this place.
 G = Mean time per level.
                   A        B        C        D        E       F      G
               +--------+--------+--------+--------+--------+-----+--------+
         Total |  10841 |  10572 |    269 |   4186 |   3272 |   9 | 1204.6 |
       Dungeon |  10659 |  10419 |    240 |   4186 |   3129 |   8 | 1332.4 |
        Temple |    182 |    153 |     29 |      0 |    143 |   1 |  182.0 |
               +--------+--------+--------+--------+--------+-----+--------+

Top non-repeatable levels by time:
     D:7: 3126 daAuts
     D:5: 2375 daAuts
     D:3: 1944 daAuts
     D:1: 1197 daAuts
     D:6: 772 daAuts
     D:2: 718 daAuts
     D:8: 508 daAuts
  Temple: 182 daAuts
     D:4: 15 daAuts
